 Dungeon Crawl Stone Soup version 0.24.1-14-gf8d2b509d9 (console) character file.

Game seed: 4645148098062748877, levelgen mode: deterministic

3798 grimtooth the Martial Artist (level 9, -3/75 HPs)
             Began as a Green Draconian Transmuter on Oct 4, 2020.
             Was a Believer of Fedhas.
             Slain by a polar bear (22 damage)
             ... on level 9 of the Dungeon on Oct 11, 2020.
             The game lasted 01:20:39 (10827 turns).

grimtooth the Martial Artist (DrTm)                Turns: 10827, Time: 01:20:39

Health: -3/75      AC: 10    Str: 12    XL:     9   Next: 96%
Magic:  12/12      EV: 12    Int: 17    God:    Fedhas [**....]
Gold:   624        SH:  2    Dex: 12    Spells: 6/12 levels left

rFire    . . .     SeeInvis .   b - +2 hunting sling (flame)
rCold    . . .     Gourm    .   (no shield)
rNeg     . . .     Faith    .   (armour unavailable)
rPois    +         Spirit   .   (helmet restricted)
rElec    .         Reflect  +   C - +0 cloak
rCorr    .         Harm     .   D - +0 pair of gloves
MR       .....                  I - +0 pair of boots
Stlth    +++.......             G - +2 amulet of reflection (curse)
HPRegen  0.22/turn              p - ring of stealth
MPRegen  0.13/turn              H - ring of stealth

@: no status effects
A: breathe noxious fumes, unfitting armour, poison resistance, cold-blooded, AC
+7
a: Breathe Noxious Fumes, Wall of Briars, Renounce Religion


You were on level 9 of the Dungeon.
You worshipped Fedhas.
Fedhas was pleased with you.
You were not hungry.

You visited 1 branch of the dungeon, and saw 9 of its levels.
You also visited: Ossuary.

You collected 691 gold pieces.
You spent 67 gold pieces at shops.

Inventory:

Hand Weapons
 b - a +2 hunting sling of flaming (weapon)
 k - a +2 dagger of venom
 L - a +3 long sword of flaming
Missiles
 a - 76 arrows
 h - 19 poisoned darts
 m - 18 boomerangs
 o - 50 sling bullets (quivered)
 v - 59 stones
 B - 8 curare-tipped darts
Armour
 C - a +0 cloak (worn)
 D - a +0 pair of gloves (worn)
 I - a +0 pair of boots (worn)
Jewellery
 p - a ring of stealth (left hand)
 G - a cursed +2 amulet of reflection (around neck)
 H - a ring of stealth (right hand)
 J - an uncursed amulet of faith {unknown}
 K - an uncursed ring of see invisible
Wands
 j - a wand of polymorph (9)
 s - a wand of disintegration (4)
 w - a wand of flame (14)
Scrolls
 d - 2 scrolls of enchant armour
 g - 2 scrolls of enchant weapon
 i - 3 scrolls of remove curse
 l - 2 scrolls of magic mapping {unknown}
 n - 2 scrolls of teleportation
 x - a scroll of fog
 y - 2 scrolls of amnesia
 E - a scroll of blinking {unknown}
 F - a scroll of immolation {unknown}
Potions
 e - a potion of mutation
 f - 5 potions of curing
 q - 3 potions of brilliance
 r - 3 potions of lignification
 t - a potion of invisibility
 u - 3 potions of cancellation
 z - a potion of magic
 A - 3 potions of agility
Comestibles
 c - 18 rations {@e3}


   Skills:
 - Level 6.0 Fighting
 - Level 1.7 Dodging
 + Level 9.6 Unarmed Combat
 - Level 2.0 Spellcasting
 * Level 7.8 Transmutations
 - Level 4.3 Poison Magic
 + Level 4.6 Invocations


You had 6 spell levels left.
You knew the following spells:

 Your Spells              Type           Power        Failure   Level  Hunger
a - Beastly Appendage     Tmut           ####..       1%          1    #......
b - Sticks to Snakes      Tmut           ####....     1%          2    ###....
c - Spider Form           Tmut/Pois      ###.......   4%          3    ###....

Your spell library contained the following spells:

 Spells                   Type           Power        Failure   Level  Hunger
 Confusing Touch          Hex            #.....       19%         1    #......
 Blade Hands              Tmut           ####......   22%         5    ######.
 Ice Form                 Ice/Tmut       ##......     36%         4    #####..
 Petrify                  Tmut/Erth      ##......     36%         4    #####..
 Confuse                  Hex            #.......     50%         3    ###....
 Gell's Gravitas          Tloc           #.........   50%         3    ###....
 Yara's Violent Unravell  Hex/Tmut       ##........   73%         5    ######.
 Metabolic Englaciation   Hex/Ice        #.........   99%         5    ######.


Dungeon Overview and Level Annotations

Branches:
Dungeon (9/15)             Temple (0/1) D:7         Ossuary (visited)
   Lair: D:8-11         Orc: D:9-12

Altars:
Cheibriados
Dithmenos
Fedhas
Makhleb
Okawaru
Ru
Sif Muna
Uskayaw
Wu Jian
The Shining One

Shops:
D:4 *

Annotations:
D:7 Joseph
D:9 exclusion: troll


Innate Abilities, Weirdness & Mutations

You can breathe blasts of noxious fumes.
Your lurid green scales are hard. (AC +7)
You cannot fit into any form of body armour.
Your system is resistant to poisons. (rPois)
You are cold-blooded and may be slowed by cold attacks.


Message History

You closely miss the killer bee.
You feel sick. The killer bee closely misses you.
The killer bee stings you but does no damage.
You hit the killer bee but do no damage.
The killer bee is poisoned.
The killer bee stings you.
You are more poisoned.
The killer bee poisons you!
You barely miss the killer bee.
The killer bee is moderately wounded.
You feel sick. The killer bee barely misses you.
The killer bee completely misses you.
You miss the killer bee.
The killer bee is heavily wounded.
You feel sick. The killer bee barely misses you.
Okay, then.
You bite the killer bee!
You kill the killer bee!
Fedhas accepts your kill.
You feel sick. The wolf closely misses you.
Okay, then.
You closely miss the wolf.
You feel sick. The wolf bites you.
You hit the wolf but do no damage.
The wolf is poisoned.
You feel sick. The wolf barely misses you.
You hit the wolf.
The wolf looks as sick as possible!
The wolf is moderately wounded.
You feel sick. The wolf barely misses you. The wolf misses you.
You bite the wolf!
The wolf is almost dead.
You feel sick. The wolf misses you.
You hit the wolf.
The wolf looks as sick as possible!
The wolf is almost dead.
You feel sick.
You kill the wolf!
Fedhas accepts your kill.
You feel better. The bullfrog zombie misses you.
You hit the bullfrog zombie.
The bullfrog zombie is lightly damaged.
The bullfrog zombie barely misses you.
You hit the bullfrog zombie.
The bullfrog zombie is lightly damaged.
Your transformation is almost over.
You block the bullfrog zombie's attack.
You hit the bullfrog zombie.
The bullfrog zombie is moderately damaged.
The bullfrog zombie completely misses you.
The bullfrog zombie misses you.
You bite the bullfrog zombie!
The bullfrog zombie is heavily damaged.
The bullfrog zombie closely misses you.
You bite the bullfrog zombie!
The bullfrog zombie is almost destroyed.
The bullfrog zombie misses you.
You bite the bullfrog zombie!
You destroy the bullfrog zombie!
Fedhas accepts your kill.
You hit the polar bear but do no damage.
The polar bear is poisoned.
The polar bear is moderately wounded.
You hit the polar bear.
The polar bear looks as sick as possible!
The polar bear is moderately wounded.
The polar bear misses you. The polar bear claws you.
The polar bear closely misses you.
You hit the polar bear but do no damage.
The polar bear is heavily wounded.
The polar bear bites you!
* * * LOW HITPOINT WARNING * * *
The polar bear closely misses you. x2
Press: ? - help, v - describe, . - travel, g - get item
Here: a polar bear (heavily wounded, poisoned)
A killer bee corpse.
There is something else lying underneath.
The floor, spattered with blood.
The polar bear goes berserk!
Your transformation has ended.
Your +2 hunting sling of flaming unmelds from your body.
Your +0 cloak unmelds from your body.
Your +0 pair of gloves unmelds from your body.
Your +0 pair of boots unmelds from your body.
Your +2 hunting sling of flaming bursts into flame!
Press: ? - help, v - describe, . - travel
Here: a polar bear (almost dead, berserk, fast, unusually strong, poisoned)
The floor.
A polar bear is nearby!
The polar bear bites you!
* * * LOW HITPOINT WARNING * * *
The polar bear claws you.
* * * LOW HITPOINT WARNING * * *
The polar bear claws you but does no damage.
Okay, then.
Enter note: - oh hell Firing (i - inventory. (/) - cycle)
o - 51 sling bullets (quivered)
Press: ? - help, Shift-Dir - straight line, f/p - polar bear
Aim: a polar bear (almost dead, berserk, fast, unusually strong, poisoned)
You shoot a sling bullet.
The sling bullet hits the polar bear but does no damage.
The polar bear is almost dead.
The polar bear bites you!!
You die...
Fedhas appreciates your contribution to the ecosystem.

#######..........#.#######
#.....'..........#........
###)###..........#.#######
#.# ############.######
#.# #............. #.#
#.############
#.#########.#
#.........#.#
#########.#@# #[#h# #)#.#
#.#.# ########.#.# ....
#.........># 5...
#.######.### ....
#†####### ...8 #.......#
....


You could see a polar bear (berserk).

Vanquished Creatures
  2 hornets (D:8)
  Eustachio (D:5)
  A water moccasin (D:4)
  Duvessa (D:7)
  5 orc warriors
  An ice beast (D:8)
  A phantom (D:4)
  2 black bears
  A sky beast (D:7)
  A necrophage (D:9)
  3 ogres
  2 wolves (D:9)
  A centaur (D:8)
  A big kobold (D:7)
  2 bullfrogs
  Dowan (D:7)
  2 killer bees (D:9)
  2 centaur zombies
  3 crimson imps
  A bullfrog zombie (D:9)
  2 bullfrog skeletons
  2 hounds
  A jelly (D:9)
  4 orc priests
  4 orc wizards
  Crazy Yiuf (D:7)
  2 centaur skeletons (D:4)
  A killer bee zombie (D:9)
  4 worker ants
  9 mummies
  3 gnolls (D:4)
  12 adders
  A white imp (D:9)
  A worker ant simulacrum (D:9)
  An ufetubus (D:9)
  An ooze (D:1)
  4 adder skeletons
  An adder zombie (D:8)
  3 worms
  3 dart slugs
  3 leopard geckos
  25 orcs
  4 giant cockroaches
  7 goblins
  11 hobgoblins
  11 jackals
  12 kobolds
  4 ball pythons
  9 bats
  7 frilled lizards
  2 gnoll zombies (Ossuary)
  2 goblin zombies (D:4)
  A hobgoblin zombie (Ossuary)
  A kobold zombie (Ossuary)
  A leopard gecko skeleton (D:8)
  4 orc zombies (Ossuary)
  A quokka skeleton (D:8)
  A quokka zombie (D:7)
  8 rats
208 creatures vanquished.

Vanquished Creatures (collateral kills)
  A kobold (D:1)
1 creature vanquished.

Grand Total: 209 creatures vanquished

Notes
Turn   | Place    | Note
-------+----------+-------------------------------------------
     0 | D:1      | grimtooth the Draconian Transmuter began the quest for the
                  | Orb.
     0 | D:1      | Reached XP level 1. HP: 16/16 MP: 3/3
    51 | D:1      | - this is some bullshit
    53 | D:1      | - or... OK
   331 | D:1      | Reached XP level 2. HP: 22/23 MP: 3/5
   883 | D:1      | Reached XP level 3. HP: 26/28 MP: 4/6
   887 | D:1      | Learned a level 2 spell: Sticks to Snakes
   891 | D:1      | Learned a level 3 spell: Spider Form
  1013 | D:1      | Reached skill level 4 in Unarmed Combat
  1859 | D:2      | Reached XP level 4. HP: 35/35 MP: 7/7
  2931 | D:3      | Reached skill level 5 in Unarmed Combat
  2941 | D:3      | Reached XP level 5. HP: 40/40 MP: 6/8
  3635 | D:4      | Noticed a phantom
  3683 | D:4      | Killed a phantom
  3803 | D:4      | Reached XP level 6. HP: 37/47 MP: 7/9
  3822 | D:4      | You fall into a shaft and drop 2 floors!
  3823 | D:6      | - goodbye ossuary
  3870 | D:6      | Reached skill level 6 in Unarmed Combat
  4018 | D:6      | Noticed an orc warrior
  4027 | D:5      | Entered Level 5 of the Dungeon
  4095 | D:4      | - oh have I found it
  4120 | D:4      | Found a sand-covered staircase.
  4121 | D:4      | - yay... but this is bad
  4129 | Ossuary  | Entered an ossuary
  4131 | Ossuary  | - gosh dang
  4131 | Ossuary  | - dont forget all those dudes outside
  4848 | Ossuary  | - thank goodness for this sling
  4883 | D:4      | - uh-oh a spearman
  4896 | D:4      | - TWO spearmen
  4951 | D:3      | Your scales start taking on a lurid green colour.
  4951 | D:3      | Reached XP level 7. HP: 43/52 MP: 10/10
  4951 | D:3      | Gained mutation: Your system is resistant to poisons.
                  | (rPois) [Green Draconian growth]
  4955 | D:3      | - damn, five heal wounds to get out of that
  5180 | D:4      | Reached skill level 7 in Unarmed Combat
  5288 | D:4      | Found a shadowy altar of Dithmenos.
  5501 | D:4      | Found Redohurph's Serpentskin Sales.
  5511 | D:4      | Reached skill level 5 in Transmutations
  5516 | D:4      | Bought 8 curare-tipped darts for 67 gold pieces
  5821 | D:5      | Found an ornate altar of the Wu Jian Council.
  6071 | D:5      | Noticed Eustachio
  6090 | D:5      | Killed Eustachio
  6090 | D:5      | Reached skill level 8 in Unarmed Combat
  6514 | D:5      | Reached XP level 8. HP: 9/59 MP: 7/11
  6526 | D:5      | - is this lethal? I can't tell
  6527 | D:5      | HP: 2/59 [poisoned by a worker ant]
  6528 | D:5      | - looks lethal
  6530 | D:5      | - phew
  6969 | D:6      | Reached skill level 9 in Unarmed Combat
  7394 | D:7      | Found a burning altar of Makhleb.
  7395 | D:7      | Found a blossoming altar of Fedhas.
  7396 | D:7      | Found a hide-covered altar of Uskayaw.
  7396 | D:7      | Found a shimmering blue altar of Sif Muna.
  7397 | D:7      | Found a glowing golden altar of the Shining One.
  7397 | D:7      | Found an iron altar of Okawaru.
  7397 | D:7      | Found a snail-covered altar of Cheibriados.
  7398 | D:7      | Found a sacrificial altar of Ru.
  7419 | D:7      | Became a worshipper of Fedhas Madash
  7428 | D:7      | Noticed Joseph
  7523 | D:7      | Got a smoking cloak
  7597 | D:7      | Reached skill level 1 in Poison Magic
  7740 | D:7      | Identified the -3 cloak "Ynkiw" {Str+6} (You found it on
                  | level 7 of the Dungeon)
  7741 | D:7      | - aw, that blows
  8025 | D:7      | Found a staircase to the Ecumenical Temple.
  8325 | D:7      | Noticed Duvessa
  8340 | D:7      | Killed Duvessa
  8340 | D:7      | Reached skill level 5 in Fighting
  8344 | D:7      | Noticed Dowan
  8351 | D:7      | Killed Dowan
  8351 | D:7      | Reached XP level 9. HP: 50/74 MP: 10/12
  8364 | D:7      | Found a runed translucent door.
  8365 | D:7      | Noticed Crazy Yiuf
  8470 | D:7      | Killed Crazy Yiuf
  8759 | D:8      | - hornets I hate them
  8844 | D:8      | Reached * piety under Fedhas
  8882 | D:8      | Reached skill level 1 in Invocations
  9271 | D:8      | - fucking hornets
  9790 | D:8      | Reached ** piety under Fedhas
  9989 | D:8      | Noticed a two-headed ogre
 10371 | D:9      | Noticed a troll
 10779 | D:9      | Noticed a polar bear
 10783 | D:9      | - oh shit what have I awakened
 10827 | D:9      | - oh hell
 10827 | D:9      | Slain by a polar bear

Levels and vault maps discovered:
D:1:      eino_arrival_tree_alley, layout_basic, minmay_close_crescents
D:2:      layout_basic, minmay_bisected
D:3:      layout_basic, minivault_27
D:4:      layout_cave_pools, kennysheep_mini_moat, nicolae_ossuary_entry_giza,
          first_ration, guppyfry_shop_venom
D:5:      layout_loops_cross, basic_altar, uniq_eustachio
D:6:      layout_rooms
D:7:      layout_loops_ring, grunt_temple_overflow_open,
          minmay_temple_entry_fiery, uniq_joseph, uniq_crazy_yiuf_cottage,
          uniq_duvessa
D:8:      layout_rooms
D:9:      layout_basic, serial_ice, serial_ice_h, serial_ice_g, serial_ice_e,
          serial_ice_n, serial_ice_f, serial_ice_i, serial_ice_a, serial_ice_d

Skill      XL: |  1  2  3  4  5  6  7  8  9 |
---------------+----------------------------+-----
Unarmed Combat | 4 5 6 8 9 |  9.6
Transmutations | 3 4 5 6 7 |  7.8
Fighting       | 5 6 |  6.0
Poison Magic   | 3 4 |  4.3
Invocations    | 4 |  4.6
Dodging        | |  1.7
Spellcasting   | |  2.0

Action                   |  1- 3 |  4- 6 |  7- 9 || total
-------------------------+-------+-------+-------++-------
Melee: Unarmed           |   105 |   138 |   329 ||   572
       Kick              |     9 |     8 |     7 ||    24
       Tailslap          |     6 |    10 |    18 ||    34
       Headbutt          |     5 |     6 |    12 ||    23
       Punch             |     1 |     4 |     1 ||     6
       Dagger            |       |       |     4 ||     4
 Fire: Hunting sling     |    31 |   125 |   136 ||   292
Throw: Stone             |       |       |     4 ||     4
 Cast: Beastly Appendage |    20 |    18 |    23 ||    61
       Sticks to Snakes  |     1 |       |       ||     1
       Spider Form       |       |     2 |    22 ||    24
Evoke: Wand              |       |       |     5 ||     5
  Use: Potion            |       |     5 |     4 ||     9
       Scroll            |       |     2 |    14 ||    16
 Stab: Sleeping          |     1 |       |     4 ||     5
       Distracted        |       |       |     1 ||     1
  Eat: Chunk             |     4 |     4 |    18 ||    26
       Ration            |       |     2 |     1 ||     3
Armor: Skin              |    21 |    52 |    57 ||   130
Dodge: Dodged            |    58 |   122 |   246 ||   426
Block: Other             |       |       |    10 ||    10
